 Dungeon Crawl Stone Soup version 0.31-a0-569-g7ea453304b (webtiles) character file.

Game seed: 1755554394744369757

679 Essalna the Trooper (level 7, -2/61 HPs)
             Began as a Purple Draconian Shapeshifter on Aug 18, 2023.
             Slain by Pikel
             ... wielding a +2 whip of freezing
              (3 damage)
             ... on level 5 of the Dungeon.
             The game lasted 00:08:10 (4021 turns).

Essalna the Trooper (Purple Draconian Shapeshifter) Turns: 4021, Time: 00:08:11

Health: -2/61      AC:  6    Str: 17    XL:     7   Next: 34%
Magic:  7/7        EV: 12    Int:  8    God:
Gold:   213        SH:  0    Dex: 17    Spells: 6/6 levels left

rFire   . . .        m - +9 mace "Hiolig" {venom, rPois rC- Dex+3}
rCold   x . .        (no shield)
rNeg    . . .        (body armour unavailable)
rPois   +            (helmet currently unavailable)
rElec   .            (cloak currently unavailable)
rCorr   .            (gloves currently unavailable)
SInv    .            (boots currently unavailable)
Will    +....        (no amulet)
Stlth   ++           e - ring of poison resistance
HPRegen 0.30/turn    (no ring)
MPRegen 0.10/turn

%: no passive effects
@: beast-form
A: beast (slay +3), breathe power, AC +6, unfitting armour, cold-blooded
a: Breathe Dispelling Energy, Begin Untransformation


You were on level 5 of the Dungeon.
You were a hulking beast.
You visited 1 branch of the dungeon, and saw 5 of its levels.

You collected 213 gold pieces.

Inventory:

Hand Weapons
 m - the +9 mace "Hiolig" (weapon) {venom, rPois rC- Dex+3}
   (You found it on level 2 of the Dungeon)

   Dex+3:     It affects your dexterity (+3).
   rC-:       It makes you vulnerable to cold.
   rPois:     It protects you from poison
Missiles
 p - a throwing net
Armour
 f - a +1 pair of gloves
 j - a +1 cloak of preservation
Jewellery
 e - a ring of poison resistance (left hand)
 q - an amulet of faith
Talismans
 b - a beast talisman (active)
 c - a flux talisman
Wands
 i - a wand of light (9)
Scrolls
 n - 2 scrolls of fear
 o - a scroll of silence {unknown}
 s - a scroll of enchant armour
Potions
 a - a potion of lignification
 d - 4 potions of curing
 g - a potion of degeneration {unknown}
 h - a potion of enlightenment {unknown}
 k - a potion of haste {unknown}
 l - 2 potions of heal wounds
 r - a potion of mutation {unknown}


   Skills:
 + Level 5.3 Fighting
 - Level 1.7 Dodging
 + Level 5.3 Unarmed Combat
 + Level 4.9 Shapeshifting


You had 6 spell levels left.
You didn't know any spells.
Your spell library was empty.

Dungeon Overview and Level Annotations

Branches:
Dungeon (5/15)
 Temple: D:4-7

Altars:
Ashenzari

Shops:
D:1 (

Annotations:
D:5 Pikel


Innate Abilities, Weirdness & Mutations

You are a hulking beast.
Your limbs bulge with bestial killing power. (Slay +3)
You can breathe bolts of dispelling energy.
Your rich purple scales are hard. (AC +6)
You cannot fit into any form of body armour.
You are cold-blooded and may be slowed by cold attacks.


Message History

The bolt of light misses Pikel.
The bolt of light hits the lemure!
The lemure is almost dead.
The bolt of light misses the orc.
The lemure misses you.
Aiming: Bolt of Light
Press: ? - help, Shift-Dir - straight line, f/p - orc
Aim: an orc, wielding a +0 short sword and wearing a +0 scale mail (75% to hit)
The bolt of light hits the lemure!
You kill the lemure!
That felt strangely unrewarding.
The bolt of light hits Pikel!
Pikel is lightly wounded.
Pikel is blinded.
The bolt of light hits the lemure!
You kill the lemure!
That felt strangely unrewarding.
The bolt of light hits the orc!
You kill the orc!
Pikel closely misses you.
You sock Pikel!
Pikel is poisoned.
Pikel is moderately wounded.
You sock the lemure!
The lemure looks as sick as possible!
You tail-slap the lemure, but do no damage.
The lemure is moderately wounded.
The lemure hits you.
* * * LOW HITPOINT WARNING * * *
You barely miss the lemure.
The lemure is heavily wounded.
The lemure misses you.
You hit Pikel.
Pikel looks as sick as possible!
Pikel is heavily wounded.
Pikel hits you with a +2 whip of freezing.
* * * LOW HITPOINT WARNING * * *
Pikel freezes you.
* * * LOW HITPOINT WARNING * * *
You closely miss Pikel. You tail-slap Pikel, but do no damage.
Pikel is severely wounded.
Pikel closely misses you.
You completely miss Pikel. You tail-slap Pikel.
Pikel is almost dead.
Pikel hits you with a +2 whip of freezing.
* * * LOW HITPOINT WARNING * * *
Pikel freezes you.
You die...

# ## ### #. ... ..#
####..##. #.#
<........##.#
.###......#.#########
...##.###.#.).5Kh...#
##.##.......#######.#
...######.### #.#
.### #o #.# .# .K #.#
.# ..5 ##.# .# #...
#..# )# #... #.## )##
#... ##.#


You could see Pikel (blind, very poisoned) and a lemure (very poisoned).

Vanquished Creatures
  A wyvern (D:5)
  3 lemures (D:5)
  A scorpion (D:3)
  An orc priest (D:5)
  Crazy Yiuf (D:3)
  2 gnoll boudas
  2 iguanas (D:4)
  The ghost of Chiseanne the Sneak, a weakling SpBr (D:3)
  Robin (D:3)
  8 gnolls
  10 adders
  An ufetubus (D:5)
  A worm (D:4)
  2 dart slugs
  7 orcs
  6 ball pythons
  8 bats
  8 endoplasms
  4 giant cockroaches
  14 goblins
  9 hobgoblins
  6 jackals
  9 kobolds
  5 quokkas
  8 frilled lizards
  7 rats
126 creatures vanquished.

Notes
Turn   | Place    | Note
-------+----------+-------------------------------------------
     0 | D:1      | Essalna the Draconian Shapeshifter began the quest for the
                  | Orb.
     0 | D:1      | Reached XP level 1. HP: 16/16 MP: 1/1
    71 | D:1      | Reached XP level 2. HP: 24/24 MP: 2/2
   130 | D:1      | Found a faded altar of an unknown god.
   197 | D:1      | Found Gexal's Antique Weapon Emporium.
   622 | D:1      | Reached XP level 3. HP: 30/30 MP: 3/3
  1118 | D:2      | Found a broken altar of Ashenzari.
  1130 | D:2      | Identified the +9 mace "Hiolig" {venom, rPois rC- Dex+3}
  1230 | D:2      | Reached XP level 4. HP: 37/37 MP: 4/4
  1820 | D:4      | Reached XP level 5. HP: 45/45 MP: 5/5
  2015 | D:3      | Noticed Robin
  2028 | D:3      | Killed Robin
  2178 | D:3      | Found a runed translucent gate.
  2178 | D:3      | Noticed Chiseanne's ghost (weakling SpBr)
  2179 | D:3      | Found a runed translucent gate.
  2179 | D:3      | Found a runed translucent gate.
  2203 | D:3      | Found a runed translucent door.
  2204 | D:3      | Noticed Crazy Yiuf
  2570 | D:3      | Reached XP level 6. HP: 46/52 MP: 6/6
  2573 | D:3      | Killed Chiseanne's ghost
  2653 | D:3      | Killed Crazy Yiuf
  3498 | D:4      | Found a broken altar of Ashenzari.
  3781 | D:5      | Entered Level 5 of the Dungeon
  3869 | D:5      | Reached skill level 5 in Unarmed Combat
  3869 | D:5      | Your scales start taking on a rich purple colour.
  3869 | D:5      | Reached XP level 7. HP: 41/60 MP: 7/7
  3996 | D:5      | Noticed a wyvern
  3998 | D:5      | Noticed Pikel
  4000 | D:5      | HP: 1/60 [wyvern (17)]
  4005 | D:5      | Killed a wyvern
  4006 | D:5      | Reached skill level 5 in Fighting
  4021 | D:5      | HP: 1/61 [Pikel/+2 whip of freezing (6)]
  4021 | D:5      | Slain by Pikel

Illustrated notes

Levels and vault maps discovered:
D:1:      lightli_arrival_windingriver, layout_loops_ring,
          hellmonk_ecumenical_altar_run_dry, serial_shops, shop
D:2:      layout_basic, basic_altar
D:3:      minmay_general_purpose_star, layout_basic, gammafunk_ghost_split,
          minmay_misc_feat_secret_circle, minmay_box_of_dots,
          uniq_crazy_yiuf_cottage, uniq_robin
D:4:      layout_layer_cave, lemuel_tele_altar
D:5:      layout_loops_cross, nicolae_overflow_hidden_temple, tgw_kikubaaqudgha,
          uniq_pikel

Skill      XL: |  1  2  3  4  5  6  7 |
---------------+----------------------+-----
Fighting       | 2 3 4 5 |  5.3
Unarmed Combat | 4 5 |  5.3
Shapeshifting  | 4 |  4.9
Dodging        | |  1.7

Action                     |  1- 3 |  4- 6 |  7- 9 || total
---------------------------+-------+-------+-------++-------
  Melee: Unarmed           |    95 |       |       ||    95
         Tailslap          |    10 |    13 |     4 ||    27
         Punch             |     2 |     3 |       ||     5
         Mace              |     7 |   130 |    12 ||   149
Ability: Breathe Dispellin |       |       |     1 ||     1
  Evoke: Wand              |       |     1 |     3 ||     4
    Use: Scroll            |       |     9 |       ||     9
         Potion            |       |       |     1 ||     1
   Stab: Sleeping          |     3 |     2 |       ||     5
 Armour: Skin              |    42 |    27 |     3 ||    72
  Dodge: Dodged            |    71 |    73 |    13 ||   157

Table legend: (Time is in decaauts)
 A = Elapsed time spent in this place.
 B = Non-inter-level travel time spent in this place.
 C = Inter-level travel time spent in this place.
 D = Time resting spent in this place.
 E = Time spent auto-exploring this place.
 F = Levels seen in this place.
 G = Mean time per level.
                   A        B        C        D        E       F      G
               +--------+--------+--------+--------+--------+-----+--------+
         Total |   4079 |   3881 |    198 |     82 |   3031 |   5 |  815.8 |
       Dungeon |   4079 |   3881 |    198 |     82 |   3031 |   5 |  815.8 |
               +--------+--------+--------+--------+--------+-----+--------+

Top non-repeatable levels by time:
     D:4: 1309 daAuts
     D:3: 1041 daAuts
     D:1: 852 daAuts
     D:2: 625 daAuts
     D:5: 250 daAuts
